 Dungeon Crawl Stone Soup version 0.22-a0-179-gb5258fd (webtiles) character file.

977 pokedragonboy the Jinx (level 7, -1/32 HPs)
             Began as a Spriggan Arcane Marksman on Feb 13, 2018.
             Slain by an orc wizard
             ... wielding a +0 dagger
              (3 damage)
             ... on level 4 of the Dungeon.
             The game lasted 00:16:53 (6827 turns).

pokedragonboy the Jinx (Spriggan Arcane Marksman)   Turns: 6827, Time: 00:16:54

Health: -1/32      AC:  2    Str:  6    XL:     7   Next: 95%
Magic:  13/19      EV: 18    Int: 15    God:
Gold:   294        SH:  0    Dex: 18    Spells: 16/22 levels left

rFire    . . .     SeeInvis +   b - +0 dagger (venom)
rCold    . . .     Gourm    .   (shield restricted)
rNeg     . . .     Faith    .   e - +0 robe
rPois    .         Spirit   .   (helmet restricted)
rElec    .         Reflect  .   (no cloak)
rCorr    .         Harm     +   (gloves unavailable)
MR       +....                  (boots unavailable)
Stlth    ++........             n - amulet of harm
HPRegen  0.10/turn              (no ring)
MPRegen  0.16/turn              (no ring)

@: very quick
A: very small, unfitting armour, see invisible, herbivore, speed 3, slow
metabolism 2
a: no special abilities


You were on level 4 of the Dungeon.
You were near starving.

You visited 1 branch of the dungeon, and saw 4 of its levels.

You collected 294 gold pieces.

Inventory:

Hand Weapons
 a - a +0 hand crossbow
 b - a +0 dagger of venom (weapon)
Missiles
 d - 36 bolts
Armour
 e - a +0 robe (worn)
Jewellery
 n - an amulet of harm (around neck)
 y - an uncursed amulet of rage
Wands
 q - a wand of clouds (2)
Scrolls
 g - 2 scrolls of remove curse
 j - 3 scrolls of identify
 k - a scroll of fog {unknown}
 m - a scroll of enchant weapon {unknown}
 p - a scroll of teleportation
 u - a scroll of blinking
 w - a scroll of enchant armour {unknown}
Potions
 h - a potion of lignification {unknown}
 i - a potion of degeneration {unknown}
 l - a potion of heal wounds {unknown}
 o - a potion of ambrosia {unknown}
 r - 2 potions of agility
 s - a potion of mutation {unknown}
 t - a potion of flight {unknown}
 v - a potion of brilliance {unknown}
 x - 2 potions of curing
 z - a potion of haste {unknown}
 A - a potion of cancellation {unknown}
Books
 c - a book of Debilitation

   Spells                             Type                      Level
   a - Corona                         Hexes                        1
   b - Slow                           Hexes                        2
   c - Inner Flame                    Hexes/Fire                   3
   d - Portal Projectile              Hexes/Translocation          3
   e - Cause Fear                     Hexes                        4
   f - Leda's Liquefaction            Hexes/Earth                  4
Comestibles
 f - 5 rations


   Skills:
 - Level 0.7 Fighting
 - Level 4.7 Short Blades
 + Level 7.2 Crossbows
 - Level 3.0 Dodging
 + Level 8.2 Spellcasting
 + Level 9.3 Hexes
 - Level 7.1 Translocations


You had 16 spell levels left.
You knew the following spells:

 Your Spells              Type           Power        Failure   Level  Hunger
a - Corona                Hex            ####...      1%          1    None
b - Slow                  Hex            ####....     1%          2    None
c - Portal Projectile     Hex/Tloc       ####..       1%          3    ##.....


Dungeon Overview and Level Annotations

Branches:
Dungeon (4/15)
 Temple: D:4-7

Altars:
Sif Muna


Innate Abilities, Weirdness & Mutations

You are very small and have problems with some larger weapons.
You are too small for most types of armour.
You have supernaturally acute eyesight. (SInv)
You are a herbivore.
You cover ground extremely quickly.
You need consume almost no food.


Message History

Firing (i - inventory)
d - 37 bolts (quivered)
Press: ? - help, Shift-Dir - straight line, f/p - orc wizard
Aim: an orc wizard, wielding a dagger and wearing a robe (fast)
You shoot a bolt. The bolt hits the orc wizard.
The orc wizard is lightly wounded.
The orc wizard casts a spell at you. The magic dart hits you!
* * * LOW HITPOINT WARNING * * *
The orc wizard closely misses you.
Your +0 dagger of venom begins to drip with poison!
b - a +0 dagger of venom (weapon)
The orc wizard hits you with a dagger.
* * * LOW HITPOINT WARNING * * *
You hit the orc wizard.
The orc wizard is poisoned.
The orc wizard is lightly wounded.
The orc wizard closely misses you.
You barely miss the orc wizard.
The orc wizard is lightly wounded.
The orc wizard hits you with a dagger.
You die...

#. ##(......##
##.##..........
......(..#....# ####
##)#....o.(....
..#########
#....(o.##...
#.#.......#
###..(..# #.#
#.#.#####.#
##..o####.# ##.....#
#.#
##.#...#.####......#
#.#
#.#.).((oso@......#
#.#
#.#...#.####......#
#.# #.##.##.#
#.......# #.#
#.##.##.# #.#######
#.# #.....#.###.###
#.# ##......>...()#
#.# #..#.#.###.#(#
#.# #..#.#.# #.#†#
#.# #######..#.#.#
#.#)# #.#


You could see a scorpion, an orc wizard and an orc.

Vanquished Creatures
  The ghost of superterranean the Skirmisher, an amateur GnWn (D:3)
  A big kobold (D:3)
  A howler monkey (D:4)
  An orc priest (D:4)
  2 orc wizards (D:4)
  A worker ant (D:4)
  5 gnolls (D:3)
  8 adders
  An ooze (D:3)
  A worm (D:4)
  2 dart slugs
  3 leopard geckos
  14 orcs
  2 ball pythons
  9 bats
  7 giant cockroaches
  32 goblins
  23 hobgoblins
  3 quokkas
  3 frilled lizards (D:2)
  19 kobolds
  12 rats
151 creatures vanquished.

Notes
Turn   | Place    | Note
-------+----------+-------------------------------------------
     0 | D:1      | pokedragonboy the Spriggan Arcane Marksman began the quest for the Orb.
     0 | D:1      | Reached XP level 1. HP: 9/9 MP: 3/3
   225 | D:1      | Reached XP level 2. HP: 14/14 MP: 1/5
   321 | D:1      | Reached skill level 4 in Hexes
   977 | D:1      | Learned a level 2 spell: Slow
  1372 | D:1      | Reached XP level 3. HP: 17/17 MP: 7/7
  1563 | D:2      | Reached skill level 1 in Short Blades
  2158 | D:2      | Reached XP level 4. HP: 21/21 MP: 3/8
  2628 | D:2      | Found a deep blue altar of Sif Muna.
  3147 | D:3      | Reached skill level 5 in Hexes
  3490 | D:3      | Learned a level 3 spell: Portal Projectile
  3670 | D:3      | Reached XP level 5. HP: 16/25 MP: 1/10
  3672 | D:3      | Reached skill level 1 in Translocations
  4738 | D:3      | HP: 1/25 [kobold/stone (3)]
  4739 | D:3      | Reached skill level 9 in Hexes
  4739 | D:3      | Reached XP level 6. HP: 2/29 MP: 10/17
  5133 | D:3      | Reached XP level 7. HP: 32/32 MP: 19/19
  5146 | D:3      | Noticed superterranean's ghost (amateur GnWn)
  5255 | D:3      | Killed superterranean's ghost
  6827 | D:4      | Slain by an orc wizard

Vault maps used:
D:1:      shiori_arrival_oz, st_stairs_2, minmay_misc_feat_doors,
          hangedman_abyss_or_decor_stabs, minmay_crystal_water, hex_tiny,
          minmay_shallow_snake_nest
D:2:      lemuel_doored_altar, guppyfry_early_orc_mine
D:3:      minmay_goblin_kobold_castle
D:4:      kennysheep_mini, first_ration, nrook_loot_triangle

Skill      XL: |  1  2  3  4  5  6  7 |
---------------+----------------------+-----
Hexes          | 4 5 9 |  9.3
Spellcasting   | 2 7 8 |  8.2
Short Blades   | 1 4 |  4.7
Crossbows      | 3 6 7 |  7.2
Translocations | 6 7 |  7.1
Fighting       | |  0.7
Dodging        | |  3.0

Action                   |  1- 3 |  4- 6 |  7- 9 || total
-------------------------+-------+-------+-------++-------
Melee: Dagger            |    85 |   162 |   128 ||   375
       Short sword       |    22 |       |       ||    22
 Fire: Hand crossbow     |    32 |    35 |    84 ||   151
 Cast: Corona            |    26 |    19 |     9 ||    54
       Portal Projectile |       |     2 |     6 ||     8
       Slow              |       |     2 |     6 ||     8
  Use: Scroll            |     1 |       |     4 ||     5
       Potion            |       |     1 |       ||     1
 Stab: Sleeping          |     1 |     1 |       ||     2
  Eat: Ration            |       |     2 |       ||     2
Armor: Robe              |    12 |    13 |     7 ||    32
Dodge: Dodged            |    97 |   155 |   110 ||   362

Table legend:
 A = Spawn XP
 B = Non-spawn XP
 C = Spawn XP percentage of total XP
 D = Spawn monster count
 E = Non-spawn monster count
 F = Spawn count percentage of total count
 G = Total turns spent on level
                    A         B        C        D         E        F      G
               +---------+---------+-------+---------+---------+-------+---------
         Total |       0 |    1044 |   0.0 |       0 |     151 |   0.0 |  6827
               +---------+---------+-------+---------+---------+-------+---------
           D:1 |       0 |      42 |   0.0 |       0 |      25 |   0.0 |  1539
           D:2 |       0 |     105 |   0.0 |       0 |      32 |   0.0 |  1850
           D:3 |       0 |     663 |   0.0 |       0 |      83 |   0.0 |  2976
           D:4 |       0 |     234 |   0.0 |       0 |      11 |   0.0 |   462
               +---------+---------+-------+---------+---------+-------+---------
